Admirals vs Senators
(R1)
Created - November 2, 2022 at 19:06
Goals
|
| Admirals |
0 |
2 |
0 |
2 |
| Senators |
3 |
0 |
0 |
3 |
|
Shots
|
| Admirals |
6 |
11 |
0 |
17 |
| Senators |
21 |
7 |
6 |
34 |
|
1st period
1. Senators , Jordan Schroeder 1 (Jonas Siegenthaler 1, Tomas Jurco 1) at 4:33
2. Senators , C.J Suess 2 (Tomas Jurco 2, Jordan Schroeder 1) at 12:01
3. Senators , Zachary Sanford 1 (Christoph Bertschy 1, Oliver Bjorkstrand 1) at 17:43
Penalties :
Mark McNeill (Mil) for Hooking (Minor) at 19:06
2nd period
4. Admirals , Kasper Bjorkqvist 5 (Markus Granlund 3, Josh Norris 3) at 12:45 (PP)
5. Admirals , Josh Norris 1 (Travis Dermott 3) at 13:47 (PP)
Penalties :
Mattias Backman (Mil) for Interference (Minor) at 4:02, Mason Geertsen (Bel) for Holding (Minor) at 6:42, Joonas Lyytinen (Bel) for Hooking (Minor) at 12:37, C.J Suess (Bel) for Holding (Minor) at 13:44, Brendan Perlini (Bel) for Tripping (Minor) at 13:52, Travis Dermott (Mil) for Tripping (Minor) at 18:44
3rd period
No Goal
Penalties :
Lucas Wallmark (Mil) for Cross-checking (Minor) at 3:54, Ian Mitchell (Mil) for Holding (Minor) at 15:48
Goalie Stats
Tristan Jarry (Mil), 31 saves from 34 shots - (0.912), L, 1-1-0, 58:56 minutes
Garret Sparks (Bel), 15 saves from 17 shots - (0.882), W, 1-1-0, 60:00 minutes
Players Stats for Admirals
Player Name G A P +/- PIM S H SB GA TA FO MP PP MP PK MP
------------------------------------------------------------------------------------
Andreas Englund 0 0 0 -1 0 0 4 2 0 0 0/0 25:51 2:22 5:32
Anton Gustafsson 0 0 0 -1 0 0 1 0 0 0 6/13 17:25 1:47 2:15
Brett Connolly 0 0 0 -1 0 1 0 0 0 0 0/0 9:09 0:00 0:00
Carl Dahlstrom 0 0 0 0 0 0 2 1 0 0 0/0 8:56 0:00 0:42
Carsen Twarynski 0 0 0 0 0 1 0 0 0 0 0/0 7:39 0:00 0:00
Hunter Shinkaruk 0 0 0 -1 0 0 2 0 0 0 0/0 16:12 1:47 2:02
Ian Mitchell 0 0 0 0 2 0 0 0 0 0 0/0 11:23 1:47 0:42
Joni Ikonen 0 0 0 0 0 0 1 0 0 0 1/4 7:35 0:00 0:00
Josh Norris 1 1 2 -1 0 1 1 0 1 0 9/26 17:30 2:22 1:14
Kasper Bjorkqvist 1 0 1 -1 0 3 3 0 1 2 2/2 20:21 2:22 2:57
Lucas Wallmark 0 0 0 -1 2 1 0 0 0 1 8/14 16:15 0:00 5:21
Mark McNeill 0 0 0 -1 2 3 0 1 1 0 0/0 19:08 1:47 3:19
Markus Granlund 0 1 1 -1 0 0 2 0 0 0 0/0 17:30 2:22 0:00
Mattias Backman 0 0 0 0 2 0 0 1 0 1 0/0 10:07 0:00 0:00
Nolan Vesey 0 0 0 -1 0 0 0 0 0 0 0/0 8:38 0:00 0:00
Olli Juolevi 0 0 0 -2 0 0 1 1 0 1 0/0 16:02 1:47 1:46
Reilly Walsh 0 0 0 0 0 1 0 0 0 0 0/0 13:28 0:00 3:37
Riley Barber 0 0 0 0 0 1 1 1 0 0 0/0 9:38 0:00 2:42
T.J Brodie 0 0 0 -2 0 1 0 2 0 0 0/0 13:49 0:00 3:41
Travis Dermott 0 1 1 -1 2 4 0 2 1 0 0/0 23:15 2:22 3:50
Players Stats for Senators
Player Name G A P +/- PIM S H SB GA TA FO MP PP MP PK MP
------------------------------------------------------------------------------------
Arttu Ruotsalainen 0 0 0 0 0 0 0 0 0 0 0/0 1:56 0:23 0:00
Brandon Biro 0 0 0 0 0 0 0 0 0 0 0/0 2:05 0:20 0:22
Brendan Perlini 0 0 0 0 2 2 0 0 0 0 1/2 16:11 4:13 0:48
Bryce Kindopp 0 0 0 0 0 0 0 0 0 0 0/0 0:00 0:00 0:00
C.J Suess 1 0 1 2 2 2 1 0 0 0 0/0 11:18 1:06 0:48
Christoph Bertschy 0 1 1 1 0 2 3 0 0 0 18/32 23:33 5:17 2:19
Cliff Pu 0 0 0 0 0 0 0 0 0 0 0/0 0:35 0:00 0:00
Grant Besse 0 0 0 0 0 0 2 0 0 0 0/0 9:51 1:06 0:00
Gustav Forsling 0 0 0 0 0 0 0 0 0 0 0/0 5:06 0:52 0:00
Jacob De La Rose 0 0 0 0 0 2 0 0 0 0 3/6 6:05 0:00 0:00
Jonas Siegenthaler 0 1 1 2 0 0 0 1 0 0 0/0 11:07 0:00 0:00
Joonas Lyytinen 0 0 0 0 2 2 2 1 0 2 0/0 19:41 3:54 1:30
Jordan Schmaltz 0 0 0 1 0 2 0 1 1 0 0/0 27:11 5:09 2:39
Jordan Schroeder 1 1 2 2 0 3 1 0 0 0 5/9 16:32 3:17 1:40
Keegan Lowe 0 0 0 1 0 3 2 0 0 1 0/0 24:52 5:09 2:39
Kevin Rooney 0 0 0 0 0 0 2 0 0 0 3/4 10:18 0:58 0:10
Mason Geertsen 0 0 0 2 2 1 0 0 0 0 0/0 11:49 0:43 0:00
Nikita Nesterov 0 0 0 0 0 1 1 1 0 0 0/0 19:57 4:03 1:30
Oliver Bjorkstrand 0 1 1 1 0 3 1 0 2 1 1/1 20:32 4:16 0:00
Tomas Jurco 0 2 2 2 0 3 0 1 0 0 1/2 13:33 4:13 0:00
Tyler Pitlick 0 0 0 0 0 2 1 1 0 0 0/1 11:09 0:20 0:00
Vitaly Abramov 0 0 0 0 0 1 1 0 0 0 1/1 8:20 0:00 0:00
Zachary Sanford 1 0 1 1 0 5 0 0 2 0 0/1 24:06 4:16 2:11
3 Stars
1 - Jordan Schroeder (Bel)
2 - Tomas Jurco (Bel)
3 - Zachary Sanford (Bel)
Power Play
Admirals - 2 on 4 Attempt(s) - 50.00%
Senators - 0 on 5 Attempt(s) - 0.00%
Penalty Kill
Admirals - 5 on 5 Attempt(s) - 100.00%
- Score 0 goal in Penalty Kill
Senators - 2 on 4 Attempt(s) - 50.00%
- Score 0 goal in Penalty Kill
Team Stat
Admirals - Hits : 18 - Faceoff Wins : 26 - Blocked Shots : 11 - Penalty Minutes : 10
Senators - Hits : 17 - Faceoff Wins : 33 - Blocked Shots : 6 - Penalty Minutes : 8
Official
Referees : Tim Peel and Pierre Lambert
Linesman : Matt MacPherson and Tony Sericolo
Game Notes
Jacob De La Rose is injured at 17:33 of 1st period (Strained Right Elbow)
Finance
Level 1 -- Attendance: 1736 (86.80%) -- Ticket Income $60,760
Level 2 -- Attendance: 893 (89.30%) -- Ticket Income $13,395
Total Attendance: 2629 (87.63%)
Total Ticket Income: $74,155
Other Income: $3,708
Total Income: $77,863
Admirals
5 vs 5 Forward
Center Left Wing Right Wing Time % Phy DF OF
1 Josh Norris Markus Granlund Kasper Bjorkqvist 40 1 2 2
2 Anton Gustafsson Hunter Shinkaruk Mark McNeill 30 1 2 2
3 Lucas Wallmark Nolan Vesey Brett Connolly 20 1 2 2
4 Joni Ikonen Carsen Twarynski Riley Barber 10 1 2 2
5 vs 5 Defense
Defense Defense Time % Phy DF OF
1 Andreas Englund Travis Dermott 40 1 2 2
2 T.J Brodie Olli Juolevi 30 1 2 2
3 Reilly Walsh Mattias Backman 20 1 2 2
4 Carl Dahlstrom Ian Mitchell 10 1 2 2
PowerPlay Forward
Center Left Wing Right Wing Time % Phy DF OF
1 Josh Norris Markus Granlund Kasper Bjorkqvist 60 1 2 2
2 Anton Gustafsson Hunter Shinkaruk Mark McNeill 40 1 2 2
PowerPlay Defense
Defense Defense Time % Phy DF OF
1 Andreas Englund Travis Dermott 60 1 2 2
2 Ian Mitchell Olli Juolevi 40 1 2 2
Penalty Kill 4 Players Forward
Center Wing Time % Phy DF OF
1 Lucas Wallmark Mark McNeill 60 1 2 2
2 Anton Gustafsson Riley Barber 40 1 2 2
Penalty Kill 4 Players Defense
Defense Defense Time % Phy DF OF
1 Andreas Englund Travis Dermott 60 1 2 2
2 Reilly Walsh T.J Brodie 40 1 2 2
Penalty Kill - 3 Players Forward
Forward Time % Phy DF OF
1 Lucas Wallmark 60 1 2 2
2 Mark McNeill 40 1 2 2
Penalty Kill - 3 Players Defense
Defense Defense Time % Phy DF OF
1 Andreas Englund Travis Dermott 60 1 2 2
2 Reilly Walsh T.J Brodie 40 1 2 2
4 vs 4 Forward
Center Wing Time % Phy DF OF
1 Josh Norris Markus Granlund 60 1 2 2
2 Anton Gustafsson Hunter Shinkaruk 40 1 2 2
4 vs 4 Defense
Defense Defense Time % Phy DF OF
1 Andreas Englund Travis Dermott 60 1 2 2
2 T.J Brodie Olli Juolevi 40 1 2 2
Last Minutes Offensive
Center Left Wing Right Wing Defense Defense
Anton Gustafsson Markus Granlund Kasper Bjorkqvist Andreas Englund Mattias Backman
Last Minutes Defensive
Center Left Wing Right Wing Defense Defense
Anton Gustafsson Markus Granlund Mark McNeill Andreas Englund Mattias Backman
Goaltenders
Starting : Tristan Jarry
Backup : Felix Sanstrom
Extra Forwards
Normal : Kasper Bjorkqvist, Hunter Shinkaruk, Lucas Wallmark - PP : Kasper Bjorkqvist, Hunter Shinkaruk - PK : Kasper Bjorkqvist
Extra Defensemen
Normal : Olli Juolevi, Reilly Walsh, Ian Mitchell - PP : Olli Juolevi - PK : Olli Juolevi, Reilly Walsh
Penalty Shots
Markus Granlund, Anton Gustafsson, Josh Norris, Mark McNeill, Kasper Bjorkqvist
Scratches
Alexandre Mallet (Healthy), Christian Djoos (Healthy), Filip Chlapik (Healthy), Freddie Hamilton (Healthy), Joel Armia (Sore Left Knee Injury)
Josh Wesley (Healthy), Mark MacMillan (Healthy), Kristian Vesalainen (Healthy), Ryan Olsen (Healthy), Sergei Zborovskiy (Healthy)
Stanislav Galiev (Healthy), Troy Bourke (Healthy), Libor Hajek (Healthy), Linus Ullmark (Healthy)
Senators
5 vs 5 Forward
Center Left Wing Right Wing Time % Phy DF OF
1 Jacob De La Rose Zachary Sanford Oliver Bjorkstrand 40 1 2 2
2 Christoph Bertschy Brendan Perlini Tyler Pitlick 30 1 2 2
3 Jordan Schroeder C.J Suess Tomas Jurco 20 1 2 2
4 Kevin Rooney Vitaly Abramov Grant Besse 10 1 2 2
5 vs 5 Defense
Defense Defense Time % Phy DF OF
1 Jordan Schmaltz Keegan Lowe 40 1 2 2
2 Joonas Lyytinen Nikita Nesterov 30 1 2 2
3 Mason Geertsen Jonas Siegenthaler 20 1 2 2
4 Gustav Forsling Jordan Schmaltz 10 1 2 2
PowerPlay Forward
Center Left Wing Right Wing Time % Phy DF OF
1 Christoph Bertschy Zachary Sanford Oliver Bjorkstrand 60 0 1 4
2 Jacob De La Rose Brendan Perlini Tomas Jurco 40 0 1 4
PowerPlay Defense
Defense Defense Time % Phy DF OF
1 Jordan Schmaltz Keegan Lowe 60 1 2 2
2 Joonas Lyytinen Nikita Nesterov 40 1 2 2
Penalty Kill 4 Players Forward
Center Wing Time % Phy DF OF
1 Christoph Bertschy Zachary Sanford 60 1 2 2
2 Jacob De La Rose Brendan Perlini 40 1 2 2
Penalty Kill 4 Players Defense
Defense Defense Time % Phy DF OF
1 Jordan Schmaltz Keegan Lowe 60 1 2 2
2 Joonas Lyytinen Nikita Nesterov 40 1 2 2
Penalty Kill - 3 Players Forward
Forward Time % Phy DF OF
1 Christoph Bertschy 60 1 2 2
2 Jacob De La Rose 40 1 2 2
Penalty Kill - 3 Players Defense
Defense Defense Time % Phy DF OF
1 Jordan Schmaltz Keegan Lowe 60 1 2 2
2 Joonas Lyytinen Nikita Nesterov 40 1 2 2
4 vs 4 Forward
Center Wing Time % Phy DF OF
1 Christoph Bertschy Zachary Sanford 60 1 2 2
2 Jacob De La Rose Brendan Perlini 40 1 2 2
4 vs 4 Defense
Defense Defense Time % Phy DF OF
1 Jordan Schmaltz Keegan Lowe 60 1 2 2
2 Joonas Lyytinen Nikita Nesterov 40 1 2 2
Last Minutes Offensive
Center Left Wing Right Wing Defense Defense
Christoph Bertschy Zachary Sanford Tyler Pitlick Jordan Schmaltz Keegan Lowe
Last Minutes Defensive
Center Left Wing Right Wing Defense Defense
Christoph Bertschy Zachary Sanford Tyler Pitlick Jordan Schmaltz Keegan Lowe
Goaltenders
Starting : Garret Sparks
Backup : David Rittich
Extra Forwards
Normal : Christoph Bertschy, Jacob De La Rose, Brendan Perlini - PP : Christoph Bertschy, Jacob De La Rose - PK : Christoph Bertschy
Extra Defensemen
Normal : Mason Geertsen, Jonas Siegenthaler, Gustav Forsling - PP : Mason Geertsen - PK : Mason Geertsen, Jonas Siegenthaler
Penalty Shots
Tyler Pitlick, Zachary Sanford, Oliver Bjorkstrand, Tomas Jurco, Christoph Bertschy
Scratches
Olle Eriksson Ek (Healthy), Scott Wedgewood (Healthy)
% Time on Ice - Admirals
Lines # - Real PCT - Wanted PCT - Time Play
Normal Forward
1 - 41% - 40% - 18:08
2 - 25% - 30% - 11:24
3 - 17% - 20% - 7:36
4 - 17% - 10% - 7:36
Normal Defense
1 - 38% - 40% - 17:04
2 - 25% - 30% - 11:14
3 - 21% - 20% - 9:20
4 - 16% - 10% - 7:06
PP Forward
1 - 57% - 60% - 2:22
2 - 43% - 40% - 1:47
PP Defense
1 - 57% - 60% - 2:22
2 - 43% - 40% - 1:47
PK Forward
1 - 66% - 60% - 6:32
2 - 34% - 40% - 3:23
PK Defense
1 - 56% - 60% - 5:32
2 - 44% - 40% - 4:23
PK3 Forward
1 - 0% - 60%
2 - 0% - 40%
PK3 Defense
1 - 0% - 60%
2 - 0% - 40%
44 Forward
1 - 0% - 60%
2 - 0% - 40%
44 Defense
1 - 0% - 60%
2 - 0% - 40%
Last Minute Offensive - 1:12
Last Minute Defensive - 0:00
Total
Forward - 60:00
Defense - 60:00
|
% Time on Ice - Senators
Lines # - Real PCT - Wanted PCT - Time Play
Normal Forward
1 - 41% - 40% - 18:32
2 - 19% - 30% - 8:26
3 - 21% - 20% - 9:14
4 - 19% - 10% - 8:31
Normal Defense
1 - 37% - 40% - 16:37
2 - 31% - 30% - 14:00
3 - 26% - 20% - 11:27
4 - 6% - 10% - 2:39
PP Forward
1 - 43% - 60% - 4:16
2 - 57% - 40% - 5:39
PP Defense
1 - 52% - 60% - 5:09
2 - 48% - 40% - 4:46
PK Forward
1 - 62% - 60% - 2:34
2 - 38% - 40% - 1:35
PK Defense
1 - 64% - 60% - 2:39
2 - 36% - 40% - 1:30
PK3 Forward
1 - 0% - 60%
2 - 0% - 40%
PK3 Defense
1 - 0% - 60%
2 - 0% - 40%
44 Forward
1 - 0% - 60%
2 - 0% - 40%
44 Defense
1 - 0% - 60%
2 - 0% - 40%
Last Minute Offensive - 0:00
Last Minute Defensive - 1:13
Total
Forward - 60:00
Defense - 60:00
|
Play-by-Play
1st period
0:01 of 1st period - Jacob De La Rose wins face-off versus Josh Norris in neutral zone.
0:15 of 1st period - Off-side.
0:16 of 1st period - Christoph Bertschy wins face-off versus Anton Gustafsson in neutral zone.
1:20 of 1st period - Slapshot by Oliver Bjorkstrand.
1:20 of 1st period - Deflect By Travis Dermott.
1:20 of 1st period - Shot Misses the Net.
1:20 of 1st period - Puck is out of play.
1:21 of 1st period - Joni Ikonen wins face-off versus Kevin Rooney in Admirals zone.
1:21 of 1st period - Joni Ikonen is hit by Grant Besse.
1:34 of 1st period - Ian Mitchell is hit by Kevin Rooney.
1:46 of 1st period - Jordan Schmaltz is hit by Carl Dahlstrom and loses puck.
2:55 of 1st period - Wrist shot by Tomas Jurco.
2:55 of 1st period - Shot Misses the Net.
2:57 of 1st period - Snap shot by Tomas Jurco.
2:57 of 1st period - Shot Misses the Net.
2:59 of 1st period - Snap shot by C.J Suess.
2:59 of 1st period - Deflect By Jordan Schroeder.
2:59 of 1st period - Stopped by Tristan Jarry without a rebound.
3:00 of 1st period - Christoph Bertschy wins face-off versus Josh Norris in Admirals zone.
3:29 of 1st period - Off-side.
3:30 of 1st period - Kevin Rooney wins face-off versus Anton Gustafsson in neutral zone.
3:59 of 1st period - Icing by Brett Connolly.
4:00 of 1st period - Lucas Wallmark wins face-off versus Jordan Schroeder in Admirals zone.
4:27 of 1st period - Snap shot by Tomas Jurco.
4:27 of 1st period - Stopped by Tristan Jarry with a rebound.
4:33 of 1st period - Snap shot by Jordan Schroeder.
4:33 of 1st period - Goal by Jordan Schroeder - Admirals : 0 - Senators : 1.
4:34 of 1st period - Josh Norris wins face-off versus Jacob De La Rose in neutral zone.
5:47 of 1st period - Snap shot by Vitaly Abramov.
5:47 of 1st period - Deflect By Reilly Walsh.
5:47 of 1st period - Stopped by Tristan Jarry with a rebound.
5:49 of 1st period - Slapshot by Mason Geertsen.
5:49 of 1st period - Shot Blocked by Riley Barber.
6:02 of 1st period - Icing by Josh Norris.
6:03 of 1st period - Kasper Bjorkqvist wins face-off versus Jacob De La Rose in Admirals zone.
6:08 of 1st period - Oliver Bjorkstrand is hit by Kasper Bjorkqvist and loses puck.
6:13 of 1st period - Slapshot by Markus Granlund.
6:13 of 1st period - Shot Misses the Net.
6:15 of 1st period - Slapshot by Reilly Walsh.
6:15 of 1st period - Stopped by Garret Sparks with a rebound.
6:17 of 1st period - Wrist shot by Kasper Bjorkqvist.
6:17 of 1st period - Stopped by Garret Sparks without a rebound.
6:18 of 1st period - Christoph Bertschy wins face-off versus Anton Gustafsson in Senators zone.
6:18 of 1st period - Christoph Bertschy is hit by Anton Gustafsson.
6:31 of 1st period - Wrist shot by Brendan Perlini.
6:31 of 1st period - Stopped by Tristan Jarry without a rebound.
6:32 of 1st period - Jacob De La Rose wins face-off versus Josh Norris in Admirals zone.
6:41 of 1st period - Wrist shot by Zachary Sanford.
6:41 of 1st period - Stopped by Tristan Jarry with a rebound.
6:43 of 1st period - Slapshot by Keegan Lowe.
6:43 of 1st period - Shot Blocked by Olli Juolevi.
6:45 of 1st period - Snap shot by Jacob De La Rose.
6:45 of 1st period - Deflect By Oliver Bjorkstrand.
6:45 of 1st period - Stopped by Tristan Jarry with a rebound.
6:47 of 1st period - Wrist shot by Jacob De La Rose.
6:47 of 1st period - Deflect By Olli Juolevi.
6:47 of 1st period - Stopped by Tristan Jarry with a rebound.
6:49 of 1st period - Slapshot by Jordan Schmaltz.
6:49 of 1st period - Stopped by Tristan Jarry without a rebound.
6:50 of 1st period - Anton Gustafsson wins face-off versus Christoph Bertschy in Admirals zone.
6:50 of 1st period - Anton Gustafsson is hit by Christoph Bertschy.
6:53 of 1st period - Icing by Mark McNeill.
6:54 of 1st period - Christoph Bertschy wins face-off versus Anton Gustafsson in Admirals zone.
6:55 of 1st period - Snap shot by Tyler Pitlick.
6:55 of 1st period - Shot Misses the Net.
7:25 of 1st period - Snap shot by Zachary Sanford.
7:25 of 1st period - Stopped by Tristan Jarry without a rebound.
7:26 of 1st period - Josh Norris wins face-off versus Jacob De La Rose in Admirals zone.
9:28 of 1st period - Snap shot by Hunter Shinkaruk.
9:28 of 1st period - Shot Hit the Post.
9:32 of 1st period - Snap shot by Mark McNeill.
9:32 of 1st period - Shot Blocked by Jordan Schmaltz.
9:46 of 1st period - Snap shot by Tomas Jurco.
9:46 of 1st period - Shot Blocked by T.J Brodie.
9:48 of 1st period - Slapshot by Jordan Schmaltz.
9:48 of 1st period - Stopped by Tristan Jarry without a rebound.
9:49 of 1st period - Jordan Schroeder wins face-off versus Josh Norris in Admirals zone.
9:50 of 1st period - Backhand shot by C.J Suess.
9:50 of 1st period - Stopped by Tristan Jarry without a rebound.
9:51 of 1st period - Oliver Bjorkstrand wins face-off versus Josh Norris in Admirals zone.
9:52 of 1st period - Snap shot by Zachary Sanford.
9:52 of 1st period - Shot Blocked by Andreas Englund.
9:58 of 1st period - Wrist shot by Travis Dermott.
9:58 of 1st period - Stopped by Garret Sparks with a rebound.
10:06 of 1st period - Snap shot by Kasper Bjorkqvist.
10:06 of 1st period - Shot Misses the Net.
10:18 of 1st period - Snap shot by Brett Connolly.
10:18 of 1st period - Deflect By Lucas Wallmark.
10:18 of 1st period - Shot Blocked by Jonas Siegenthaler.
10:18 of 1st period - Puck is out of play.
10:19 of 1st period - Lucas Wallmark wins face-off versus Christoph Bertschy in Senators zone.
10:48 of 1st period - Wrist shot by Jordan Schroeder.
10:48 of 1st period - Stopped by Tristan Jarry without a rebound.
10:49 of 1st period - Anton Gustafsson wins face-off versus Jordan Schroeder in Admirals zone.
10:56 of 1st period - Snap shot by C.J Suess.
10:56 of 1st period - Shot Misses the Net.
11:02 of 1st period - Snap shot by Tomas Jurco.
11:02 of 1st period - Stopped by Tristan Jarry with a rebound.
11:04 of 1st period - Slapshot by Mason Geertsen.
11:04 of 1st period - Shot Blocked by Andreas Englund.
11:06 of 1st period - Slapshot by Mason Geertsen.
11:06 of 1st period - Stopped by Tristan Jarry with a rebound.
11:16 of 1st period - Slapshot by Tomas Jurco.
11:16 of 1st period - Stopped by Tristan Jarry with a rebound.
11:18 of 1st period - Wrist shot by Jordan Schroeder.
11:18 of 1st period - Shot Misses the Net.
11:23 of 1st period - Wrist shot by C.J Suess.
11:23 of 1st period - Shot Misses the Net.
11:38 of 1st period - Tomas Jurco is hit by Hunter Shinkaruk and loses puck.
12:01 of 1st period - Snap shot by C.J Suess.
12:01 of 1st period - Goal by C.J Suess - Admirals : 0 - Senators : 2.
12:02 of 1st period - Jacob De La Rose wins face-off versus Josh Norris in neutral zone.
12:05 of 1st period - T.J Brodie is hit by Keegan Lowe and loses puck.
12:19 of 1st period - Off-side.
12:20 of 1st period - Christoph Bertschy wins face-off versus Lucas Wallmark in neutral zone.
12:23 of 1st period - Reilly Walsh is hit by Tyler Pitlick and loses puck.
12:46 of 1st period - Lucas Wallmark is hit by Kevin Rooney and loses puck.
12:53 of 1st period - Snap shot by Vitaly Abramov.
12:53 of 1st period - Shot Misses the Net.
13:13 of 1st period - Reilly Walsh is hit by Nikita Nesterov and loses puck.
13:38 of 1st period - Snap shot by Kasper Bjorkqvist.
13:38 of 1st period - Stopped by Garret Sparks with a rebound.
14:20 of 1st period - Snap shot by Oliver Bjorkstrand.
14:20 of 1st period - Shot Blocked by Travis Dermott.
14:22 of 1st period - Wrist shot by Oliver Bjorkstrand.
14:22 of 1st period - Shot Blocked by Travis Dermott.
14:24 of 1st period - Wrist shot by Jacob De La Rose.
14:24 of 1st period - Stopped by Tristan Jarry without a rebound.
14:25 of 1st period - Josh Norris wins face-off versus Christoph Bertschy in Admirals zone.
14:30 of 1st period - Snap shot by Markus Granlund.
14:30 of 1st period - Shot Misses the Net.
16:52 of 1st period - Christoph Bertschy is hit by Josh Norris and loses puck.
17:02 of 1st period - Icing by Kasper Bjorkqvist.
17:03 of 1st period - Jordan Schroeder wins face-off versus Josh Norris in Admirals zone.
17:04 of 1st period - Snap shot by C.J Suess.
17:04 of 1st period - Shot Misses the Net.
17:16 of 1st period - Snap shot by Oliver Bjorkstrand.
17:16 of 1st period - Deflect By Markus Granlund.
17:16 of 1st period - Stopped by Tristan Jarry with a rebound.
17:32 of 1st period - Jacob De La Rose is hit by Carl Dahlstrom and loses puck.
17:33 of 1st period - Jacob De La Rose from Senators is injured at 17:33 of 1st period (Strained Right Elbow).
17:34 of 1st period - Christoph Bertschy wins face-off versus Josh Norris in Senators zone.
17:43 of 1st period - Wrist shot by Zachary Sanford.
17:43 of 1st period - Goal by Zachary Sanford - Admirals : 0 - Senators : 3.
17:44 of 1st period - Christoph Bertschy wins face-off versus Josh Norris in neutral zone.
17:44 of 1st period - Oliver Bjorkstrand is hit by Markus Granlund and loses puck.
18:12 of 1st period - Wrist shot by Brett Connolly.
18:12 of 1st period - Stopped by Garret Sparks without a rebound.
18:13 of 1st period - Lucas Wallmark wins face-off versus Jordan Schroeder in Senators zone.
18:20 of 1st period - Snap shot by Brett Connolly.
18:20 of 1st period - Shot Misses the Net.
18:22 of 1st period - Slapshot by Travis Dermott.
18:22 of 1st period - Stopped by Garret Sparks with a rebound.
18:28 of 1st period - Slapshot by Travis Dermott.
18:28 of 1st period - Shot Misses the Net.
19:01 of 1st period - Wrist shot by Brendan Perlini.
19:01 of 1st period - Stopped by Tristan Jarry without a rebound.
19:02 of 1st period - Christoph Bertschy wins face-off versus Anton Gustafsson in Admirals zone.
19:06 of 1st period - Minor Penalty to Mark McNeill for Hooking.
19:07 of 1st period - Lucas Wallmark wins face-off versus Christoph Bertschy in Admirals zone.
19:33 of 1st period - Lucas Wallmark is hit by Christoph Bertschy and loses puck.
Goals for this period are 0 for Admirals vs 3 for Senators.
Shots for this period are 6 for Admirals vs 21 for Senators.
2nd period
0:01 of 2nd period - Christoph Bertschy wins face-off versus Lucas Wallmark in neutral zone.
0:35 of 2nd period - Travis Dermott is hit by Keegan Lowe and loses puck.
0:48 of 2nd period - Slapshot by Christoph Bertschy.
0:48 of 2nd period - Shot Misses the Net.
0:50 of 2nd period - Wrist shot by Oliver Bjorkstrand.
0:50 of 2nd period - Stopped by Tristan Jarry with a rebound.
0:52 of 2nd period - Slapshot by Keegan Lowe.
0:52 of 2nd period - Stopped by Tristan Jarry without a rebound.
0:53 of 2nd period - Jordan Schroeder wins face-off versus Josh Norris in Admirals zone.
0:56 of 2nd period - Snap shot by Tomas Jurco.
0:56 of 2nd period - Shot Misses the Net.
1:06 of 2nd period - Penalty to Mark McNeill is over, Mark McNeill is back on ice.
2:14 of 2nd period - Wrist shot by Lucas Wallmark.
2:14 of 2nd period - Stopped by Garret Sparks without a rebound.
2:15 of 2nd period - Brendan Perlini wins face-off versus Joni Ikonen in Senators zone.
2:15 of 2nd period - Brendan Perlini is hit by Riley Barber.
2:29 of 2nd period - Jordan Schroeder is hit by Andreas Englund and loses puck.
3:00 of 2nd period - Snap shot by Markus Granlund.
3:00 of 2nd period - Shot Misses the Net.
4:02 of 2nd period - Minor Penalty to Mattias Backman for Interference.
4:03 of 2nd period - Lucas Wallmark wins face-off versus Tomas Jurco in Admirals zone.
5:06 of 2nd period - Slapshot by Travis Dermott.
5:06 of 2nd period - Shot Blocked by Nikita Nesterov.
6:02 of 2nd period - Penalty to Mattias Backman is over, Mattias Backman is back on ice.
6:18 of 2nd period - Slapshot by T.J Brodie.
6:18 of 2nd period - Shot Misses the Net.
6:25 of 2nd period - Icing by Jonas Siegenthaler.
6:26 of 2nd period - Vitaly Abramov wins face-off versus Josh Norris in Senators zone.
6:42 of 2nd period - Minor Penalty to Mason Geertsen for Holding.
6:43 of 2nd period - Josh Norris wins face-off versus Christoph Bertschy in Senators zone.
6:43 of 2nd period - Slapshot by Travis Dermott.
6:43 of 2nd period - Stopped by Garret Sparks with a rebound.
6:45 of 2nd period - Wrist shot by Josh Norris.
6:45 of 2nd period - Shot Misses the Net.
8:30 of 2nd period - Icing by Hunter Shinkaruk.
8:31 of 2nd period - Jordan Schroeder wins face-off versus Anton Gustafsson in Admirals zone.
8:40 of 2nd period - Nikita Nesterov is hit by Olli Juolevi and loses puck.
8:42 of 2nd period - Penalty to Mason Geertsen is over, Mason Geertsen is back on ice.
9:12 of 2nd period - Jordan Schroeder is hit by Joni Ikonen and loses puck.
9:36 of 2nd period - Icing by Anton Gustafsson.
9:37 of 2nd period - Kevin Rooney wins face-off versus Lucas Wallmark in Admirals zone.
9:50 of 2nd period - Slapshot by Travis Dermott.
9:50 of 2nd period - Stopped by Garret Sparks with a rebound.
10:09 of 2nd period - Snap shot by Tyler Pitlick.
10:09 of 2nd period - Stopped by Tristan Jarry without a rebound.
10:10 of 2nd period - Christoph Bertschy wins face-off versus Josh Norris in Admirals zone.
10:21 of 2nd period - Slapshot by Zachary Sanford.
10:21 of 2nd period - Shot Blocked by Mattias Backman.
10:23 of 2nd period - Slapshot by Christoph Bertschy.
10:23 of 2nd period - Stopped by Tristan Jarry with a rebound.
10:25 of 2nd period - Slapshot by Joonas Lyytinen.
10:25 of 2nd period - Stopped by Tristan Jarry with a rebound.
10:27 of 2nd period - Snap shot by Christoph Bertschy.
10:27 of 2nd period - Shot Misses the Net.
10:37 of 2nd period - Mattias Backman is hit by Grant Besse and loses puck.
10:50 of 2nd period - Wrist shot by Markus Granlund.
10:50 of 2nd period - Deflect By Kasper Bjorkqvist.
10:50 of 2nd period - Shot Misses the Net.
10:50 of 2nd period - Puck is out of play.
10:51 of 2nd period - Anton Gustafsson wins face-off versus Christoph Bertschy in Senators zone.
10:56 of 2nd period - Slapshot by Mark McNeill.
10:56 of 2nd period - Stopped by Garret Sparks with a rebound.
10:58 of 2nd period - Wrist shot by Anton Gustafsson.
10:58 of 2nd period - Shot Misses the Net.
11:16 of 2nd period - Lucas Wallmark is hit by Christoph Bertschy and loses puck.
11:23 of 2nd period - Snap shot by T.J Brodie.
11:23 of 2nd period - Deflect By Zachary Sanford.
11:23 of 2nd period - Stopped by Garret Sparks without a rebound.
11:24 of 2nd period - Josh Norris wins face-off versus Brendan Perlini in Senators zone.
11:25 of 2nd period - Snap shot by Kasper Bjorkqvist.
11:25 of 2nd period - Shot Misses the Net.
11:35 of 2nd period - Snap shot by Nikita Nesterov.
11:35 of 2nd period - Shot Blocked by T.J Brodie.
11:37 of 2nd period - Snap shot by Zachary Sanford.
11:37 of 2nd period - Stopped by Tristan Jarry without a rebound.
11:38 of 2nd period - Anton Gustafsson wins face-off versus Christoph Bertschy in Admirals zone.
11:51 of 2nd period - Snap shot by Mark McNeill.
11:51 of 2nd period - Stopped by Garret Sparks without a rebound.
11:52 of 2nd period - Christoph Bertschy wins face-off versus Josh Norris in Senators zone.
12:18 of 2nd period - Christoph Bertschy is hit by Andreas Englund and loses puck.
12:37 of 2nd period - Minor Penalty to Joonas Lyytinen for Hooking.
12:38 of 2nd period - Josh Norris wins face-off versus Christoph Bertschy in Senators zone.
12:45 of 2nd period - Snap shot by Kasper Bjorkqvist.
12:45 of 2nd period - Goal by Kasper Bjorkqvist - Admirals : 1 - Senators : 3.
12:46 of 2nd period - Christoph Bertschy wins face-off versus Josh Norris in neutral zone.
13:18 of 2nd period - Christoph Bertschy is hit by Andreas Englund and loses puck.
13:44 of 2nd period - Minor Penalty to C.J Suess for Holding.
13:45 of 2nd period - Josh Norris wins face-off versus Christoph Bertschy in Senators zone.
13:45 of 2nd period - Slapshot by Travis Dermott.
13:45 of 2nd period - Shot Misses the Net.
13:47 of 2nd period - Snap shot by Josh Norris.
13:47 of 2nd period - Goal by Josh Norris - Admirals : 2 - Senators : 3.
13:48 of 2nd period - Josh Norris wins face-off versus Tyler Pitlick in neutral zone.
13:52 of 2nd period - Minor Penalty to Brendan Perlini for Tripping.
13:53 of 2nd period - Christoph Bertschy wins face-off versus Josh Norris in Senators zone.
14:19 of 2nd period - Zachary Sanford is hit by Hunter Shinkaruk and loses puck.
14:26 of 2nd period - Snap shot by Mark McNeill.
14:26 of 2nd period - Stopped by Garret Sparks with a rebound.
14:28 of 2nd period - Slapshot by Andreas Englund.
14:28 of 2nd period - Shot Blocked by Joonas Lyytinen.
14:30 of 2nd period - Snap shot by Andreas Englund.
14:30 of 2nd period - Shot Misses the Net.
15:52 of 2nd period - Penalty to Brendan Perlini is over, Brendan Perlini is back on ice.
16:22 of 2nd period - Slapshot by Olli Juolevi.
16:22 of 2nd period - Deflect By Carsen Twarynski.
16:22 of 2nd period - Stopped by Garret Sparks with a rebound.
16:24 of 2nd period - Backhand shot by Carsen Twarynski.
16:24 of 2nd period - Deflect By Riley Barber.
16:24 of 2nd period - Stopped by Garret Sparks with a rebound.
16:53 of 2nd period - Anton Gustafsson is hit by Joonas Lyytinen and loses puck.
17:10 of 2nd period - Snap shot by Riley Barber.
17:10 of 2nd period - Deflect By Jordan Schmaltz.
17:10 of 2nd period - Shot Misses the Net.
17:10 of 2nd period - Puck is out of play.
17:11 of 2nd period - Tomas Jurco wins face-off versus Joni Ikonen in Senators zone.
17:43 of 2nd period - Off-side.
17:44 of 2nd period - Christoph Bertschy wins face-off versus Josh Norris in neutral zone.
17:51 of 2nd period - Backhand shot by Oliver Bjorkstrand.
17:51 of 2nd period - Shot Misses the Net.
17:53 of 2nd period - Slapshot by Joonas Lyytinen.
17:53 of 2nd period - Deflect By Markus Granlund.
17:53 of 2nd period - Stopped by Tristan Jarry with a rebound.
17:55 of 2nd period - Snap shot by Nikita Nesterov.
17:55 of 2nd period - Deflect By Christoph Bertschy.
17:55 of 2nd period - Shot Misses the Net.
17:55 of 2nd period - Puck is out of play.
17:56 of 2nd period - Josh Norris wins face-off versus Christoph Bertschy in Admirals zone.
18:03 of 2nd period - Snap shot by Christoph Bertschy.
18:03 of 2nd period - Deflect By Zachary Sanford.
18:03 of 2nd period - Shot Misses the Net.
18:03 of 2nd period - Puck is out of play.
18:04 of 2nd period - Christoph Bertschy wins face-off versus Josh Norris in Admirals zone.
18:44 of 2nd period - Minor Penalty to Travis Dermott for Tripping.
18:45 of 2nd period - Lucas Wallmark wins face-off versus Christoph Bertschy in Admirals zone.
18:53 of 2nd period - Reilly Walsh is hit by Oliver Bjorkstrand and loses puck.
Goals for this period are 2 for Admirals vs 0 for Senators.
Shots for this period are 11 for Admirals vs 7 for Senators.
3rd period
0:01 of 3rd period - Christoph Bertschy wins face-off versus Lucas Wallmark in neutral zone.
0:08 of 3rd period - Snap shot by Oliver Bjorkstrand.
0:08 of 3rd period - Shot Misses the Net.
0:10 of 3rd period - Slapshot by Keegan Lowe.
0:10 of 3rd period - Stopped by Tristan Jarry with a rebound.
0:12 of 3rd period - Slapshot by Christoph Bertschy.
0:12 of 3rd period - Stopped by Tristan Jarry without a rebound.
0:13 of 3rd period - Christoph Bertschy wins face-off versus Lucas Wallmark in Admirals zone.
0:27 of 3rd period - Icing by Jordan Schmaltz.
0:28 of 3rd period - Lucas Wallmark wins face-off versus Zachary Sanford in Senators zone.
0:44 of 3rd period - Penalty to Travis Dermott is over, Travis Dermott is back on ice.
3:28 of 3rd period - Jordan Schmaltz is hit by Andreas Englund and loses puck.
3:45 of 3rd period - Slapshot by Keegan Lowe.
3:45 of 3rd period - Deflect By Andreas Englund.
3:45 of 3rd period - Stopped by Tristan Jarry with a rebound.
3:47 of 3rd period - Snap shot by Keegan Lowe.
3:47 of 3rd period - Shot Blocked by Mark McNeill.
3:54 of 3rd period - Minor Penalty to Lucas Wallmark for Cross-checking.
3:55 of 3rd period - Anton Gustafsson wins face-off versus Jordan Schroeder in Admirals zone.
3:55 of 3rd period - Anton Gustafsson is hit by Joonas Lyytinen.
4:06 of 3rd period - Snap shot by Anton Gustafsson.
4:06 of 3rd period - Shot Misses the Net.
5:35 of 3rd period - Backhand shot by Nikita Nesterov.
5:35 of 3rd period - Stopped by Tristan Jarry with a rebound.
5:37 of 3rd period - Snap shot by Brandon Biro.
5:37 of 3rd period - Shot Misses the Net.
5:39 of 3rd period - Slapshot by Tyler Pitlick.
5:39 of 3rd period - Shot Misses the Net.
5:41 of 3rd period - Snap shot by Joonas Lyytinen.
5:41 of 3rd period - Shot Blocked by Carl Dahlstrom.
5:54 of 3rd period - Penalty to Lucas Wallmark is over, Lucas Wallmark is back on ice.
6:33 of 3rd period - Nikita Nesterov is hit by Kasper Bjorkqvist and loses puck.
8:41 of 3rd period - Hunter Shinkaruk is hit by C.J Suess and loses puck.
10:32 of 3rd period - Anton Gustafsson is hit by Jordan Schroeder.
11:35 of 3rd period - Icing by Gustav Forsling.
11:36 of 3rd period - Anton Gustafsson wins face-off versus Christoph Bertschy in Senators zone.
12:31 of 3rd period - Brendan Perlini is hit by Kasper Bjorkqvist and loses puck.
13:13 of 3rd period - Christoph Bertschy is hit by Markus Granlund and loses puck.
13:59 of 3rd period - Slapshot by T.J Brodie.
13:59 of 3rd period - Shot Misses the Net.
14:53 of 3rd period - Kasper Bjorkqvist is hit by Vitaly Abramov and loses puck.
15:34 of 3rd period - Icing by Kasper Bjorkqvist.
15:35 of 3rd period - Kevin Rooney wins face-off versus Joni Ikonen in Admirals zone.
15:40 of 3rd period - Wrist shot by Tyler Pitlick.
15:40 of 3rd period - Shot Misses the Net.
15:42 of 3rd period - Snap shot by Tyler Pitlick.
15:42 of 3rd period - Stopped by Tristan Jarry with a rebound.
15:48 of 3rd period - Minor Penalty to Ian Mitchell for Holding.
15:49 of 3rd period - Lucas Wallmark wins face-off versus Christoph Bertschy in Admirals zone.
16:02 of 3rd period - Wrist shot by Zachary Sanford.
16:02 of 3rd period - Stopped by Tristan Jarry without a rebound.
16:03 of 3rd period - Christoph Bertschy wins face-off versus Lucas Wallmark in Admirals zone.
16:59 of 3rd period - Icing by Joonas Lyytinen.
17:00 of 3rd period - Kasper Bjorkqvist wins face-off versus Christoph Bertschy in Senators zone.
17:05 of 3rd period - Slapshot by Travis Dermott.
17:05 of 3rd period - Shot Blocked by Tomas Jurco.
17:48 of 3rd period - Penalty to Ian Mitchell is over, Ian Mitchell is back on ice.
18:56 of 3rd period - Admirals, Tristan Jarry is pulled from the net.
19:06 of 3rd period - Slapshot by Markus Granlund.
19:06 of 3rd period - Shot Misses the Net.
19:08 of 3rd period - Snap shot by Anton Gustafsson.
19:08 of 3rd period - Shot Misses the Net.
19:30 of 3rd period - Wrist shot by Anton Gustafsson.
19:30 of 3rd period - Shot Blocked by Tyler Pitlick.
19:32 of 3rd period - Slapshot by Anton Gustafsson.
19:32 of 3rd period - Deflect By Kasper Bjorkqvist.
19:32 of 3rd period - Shot Misses the Net.
19:32 of 3rd period - Puck is out of play.
19:33 of 3rd period - Wayne Gretzky call a timeout for Admirals.
19:33 of 3rd period - Jordan Schroeder wins face-off versus Anton Gustafsson in Senators zone.
Goals for this period are 0 for Admirals vs 0 for Senators.
Shots for this period are 0 for Admirals vs 6 for Senators.